[ AOE2 MATCH · #506008765 ]
UnrankedBohemians vs Mongols
Player's team · LOSS
Rival team · WIN
[ REPLAY ANALYSIS · EXTRACTED FROM THE RECORDED GAME ]
Feudal
12:37
Castle
23:05
Imperial
—
| APM avg | 69.0 |
| APM peak | 100 |
| eAPM avg | 27.2 |
| Villagers / military | 73 / 72 |
Focus
⚔️ 45.9% · 🌾 54.1%
Archer ×46 · Monk ×23 · Hussite Wagon ×3
Feudal
13:52
Castle
19:40
Imperial
—
| APM avg | 72.8 |
| APM peak | 128 |
| eAPM avg | 33.7 |
| Villagers / military | 74 / 89 |
Focus
⚔️ 70.9% · 🌾 29.1%
Cavalry Archer ×74 · Militia ×6 · Mangonel ×6 · Battering Ram ×2 · Archer ×1
Match map
Initial resources + every placement click. Lines = walls · curves = elevation contours. ◆ gold · ⬟ stone · ● berries · ✦ relic · ◌ wall gap
Your base· Open — 4t gap
RedPhosphoru's base· Open — 2t gap
Smoothed initial terrain · ◌ = detected wall gap · hover for details
Inputs per minute
— Survivalist - - RedPhosphoru
Build order — Survivalist
First 150 of 244 actions detected
| 0:00 | Create | Villager (Male) |
| 0:01 | Build | House |
| 0:02 | Build | House |
| 0:06 | Create | Villager (Male) |
| 0:06 | Create | Villager (Male) |
| 0:07 | Create | Villager (Male) |
| 0:08 | Create | Villager (Male) |
| 1:22 | Create | Villager (Male) |
| 1:48 | Create | Villager (Male) |
| 1:48 | Create | Villager (Male) |
| 2:09 | Build | Lumber Camp |
| 2:18 | Create | Villager (Male) |
| 2:18 | Create | Villager (Male) |
| 2:19 | Create | Villager (Male) |
| 2:48 | Create | Villager (Male) |
| 2:48 | Create | Villager (Male) |
| 3:19 | Create | Villager (Male) |
| 3:54 | Create | Villager (Male) |
| 4:00 | Build | House |
| 4:03 | Build | House |
| 4:08 | Create | Villager (Male) |
| 4:53 | Research | Loom |
| 5:02 | Build | House |
| 5:21 | Create | Villager (Male) |
| 5:35 | Create | Villager (Male) |
| 6:02 | Create | Villager (Male) |
| 6:15 | Create | Villager (Male) |
| 6:34 | Build | Palisade Wall |
| 6:49 | Create | Villager (Male) |
| 7:02 | Create | Villager (Male) |
| 7:18 | Create | Villager (Male) |
| 7:36 | Create | Villager (Male) |
| 7:39 | Build | Palisade Wall |
| 7:40 | Build | Palisade Wall |
| 7:48 | Create | Villager (Male) |
| 7:50 | Build | Palisade Wall |
| 7:53 | Build | Palisade Wall |
| 7:56 | Create | Villager (Male) |
| 9:37 | Create | Villager (Male) |
| 9:41 | Build | Barracks |
| 10:06 | Create | Villager (Male) |
| 10:20 | Build | House |
| 10:27 | Research | Feudal Age |
| 10:39 | Create | Villager (Male) |
| 11:01 | Create | Villager (Male) |
| 11:25 | Build | Palisade Wall |
| 11:26 | Build | Palisade Wall |
| 11:27 | Build | Palisade Wall |
| 11:34 | Build | Lumber Camp |
| 11:39 | Create | Villager (Male) |
| 11:49 | Build | Palisade Wall |
| 11:50 | Build | Palisade Wall |
| 11:50 | Build | Palisade Wall |
| 11:56 | Build | Palisade Wall |
| 12:04 | Build | Palisade Wall |
| 12:05 | Build | Palisade Wall |
| 12:05 | Build | Palisade Wall |
| 12:13 | Create | Villager (Male) |
| 12:35 | Create | Villager (Male) |
| 12:37 | Age | Feudal Age |
| 12:39 | Build | Archery Range |
| 13:00 | Create | Villager (Male) |
| 13:03 | Build | Mining Camp |
| 13:12 | Create | Villager (Male) |
| 13:33 | Create | Archer |
| 13:47 | Build | Mill |
| 13:51 | Create | Archer |
| 14:13 | Build | House |
| 14:15 | Build | House |
| 14:19 | Build | Palisade Wall |
| 14:20 | Build | Palisade Wall |
| 14:30 | Build | Palisade Wall |
| 14:32 | Build | Palisade Wall |
| 14:34 | Build | Palisade Wall |
| 14:39 | Build | Palisade Wall |
| 14:40 | Create | Archer |
| 15:03 | Build | Market |
| 15:22 | Create | Archer |
| 15:29 | Build | Palisade Wall |
| 15:29 | Build | Palisade Wall |
| 15:30 | Build | Palisade Wall |
| 15:30 | Build | Palisade Wall |
| 15:31 | Build | Palisade Wall |
| 15:54 | Create | Villager (Male) |
| 15:56 | Build | Farm |
| 15:59 | Research | Double-Bit Axe |
| 15:59 | Research | Double-Bit Axe |
| 16:10 | Create | Villager (Male) |
| 16:10 | Create | Archer |
| 16:24 | Create | Villager (Male) |
| 16:27 | Build | House |
| 16:37 | Create | Villager (Male) |
| 16:41 | Build | House |
| 16:49 | Create | Archer |
| 17:01 | Build | Farm |
| 17:10 | Create | Villager (Male) |
| 17:11 | Create | Archer |
| 17:40 | Create | Archer |
| 17:42 | Create | Villager (Male) |
| 17:56 | Build | Blacksmith |
| 18:04 | Create | Villager (Male) |
| 18:16 | Build | Farm |
| 18:25 | Create | Villager (Male) |
| 18:37 | Build | Farm |
| 18:53 | Build | Farm |
| 18:54 | Create | Villager (Male) |
| 19:07 | Research | Fletching |
| 19:13 | Create | Archer |
| 19:16 | Build | House |
| 19:19 | Build | Farm |
| 19:30 | Create | Villager (Male) |
| 19:37 | Build | Mining Camp |
| 19:57 | Create | Archer |
| 20:26 | Research | Castle Age |
| 20:26 | Research | Castle Age |
| 20:30 | Create | Archer |
| 20:48 | Create | Archer |
| 20:59 | Build | Watch Tower |
| 21:01 | Create | Archer |
| 21:02 | Create | Villager (Male) |
| 21:06 | Build | House |
| 21:07 | Build | Stone Wall |
| 21:20 | Build | House |
| 21:22 | Create | Archer |
| 21:29 | Build | Palisade Wall |
| 22:23 | Build | House |
| 22:33 | Create | Archer |
| 23:05 | Age | Castle Age |
| 23:08 | Research | Crossbowman (upgrade) |
| 23:25 | Research | Bodkin Arrow |
| 23:26 | Build | University |
| 23:37 | Create | Villager (Male) |
| 23:50 | Research | Ballistics |
| 23:55 | Create | Archer |
| 23:55 | Create | Archer |
| 24:10 | Create | Villager (Male) |
| 24:11 | Create | Villager (Male) |
| 24:11 | Create | Archer |
| 24:11 | Create | Archer |
| 24:30 | Build | House |
| 24:36 | Create | Villager (Male) |
| 24:37 | Create | Archer |
| 24:37 | Create | Archer |
| 24:49 | Build | Farm |
| 24:53 | Build | House |
| 24:59 | Create | Villager (Male) |
| 25:00 | Create | Archer |
| 25:38 | Create | Archer |
| 25:44 | Create | Villager (Male) |
| 25:44 | Create | Villager (Male) |
Build order — RedPhosphoru
First 150 of 294 actions detected
| 0:00 | Create | Villager (Male) |
| 0:00 | Create | Villager (Male) |
| 0:02 | Build | House |
| 0:02 | Build | House |
| 0:07 | Create | Villager (Male) |
| 0:11 | Create | Villager (Male) |
| 1:16 | Create | Villager (Male) |
| 2:05 | Create | Villager (Male) |
| 2:05 | Create | Villager (Male) |
| 2:26 | Build | Barracks |
| 2:27 | Create | Villager (Male) |
| 2:34 | Build | Palisade Wall |
| 2:35 | Build | Palisade Wall |
| 2:40 | Create | Villager (Male) |
| 3:00 | Build | House |
| 3:05 | Create | Villager (Male) |
| 3:22 | Create | Villager (Male) |
| 3:24 | Create | Militia |
| 3:44 | Create | Militia |
| 3:53 | Build | House |
| 4:05 | Build | House |
| 4:09 | Create | Villager (Male) |
| 4:16 | Create | Militia |
| 4:35 | Create | Villager (Male) |
| 4:37 | Create | Militia |
| 4:37 | Create | Militia |
| 4:50 | Create | Villager (Male) |
| 5:08 | Build | Palisade Wall |
| 5:11 | Build | Palisade Wall |
| 5:12 | Build | Palisade Wall |
| 5:13 | Build | Palisade Wall |
| 5:16 | Create | Villager (Male) |
| 5:19 | Create | Militia |
| 5:27 | Build | Palisade Wall |
| 5:27 | Build | Palisade Wall |
| 5:29 | Build | Palisade Wall |
| 5:42 | Create | Villager (Male) |
| 5:51 | Create | Villager (Male) |
| 6:00 | Build | Palisade Wall |
| 6:01 | Build | Palisade Wall |
| 6:02 | Build | Palisade Wall |
| 6:03 | Build | Palisade Wall |
| 6:03 | Create | Villager (Male) |
| 6:29 | Build | Mill |
| 6:34 | Create | Villager (Male) |
| 7:05 | Create | Villager (Male) |
| 7:15 | Build | House |
| 7:19 | Build | House |
| 7:24 | Build | Palisade Wall |
| 7:26 | Build | Palisade Wall |
| 7:26 | Create | Villager (Male) |
| 7:37 | Build | House |
| 7:42 | Build | Palisade Wall |
| 7:53 | Create | Villager (Male) |
| 8:04 | Create | Villager (Male) |
| 8:05 | Build | Lumber Camp |
| 8:37 | Build | Palisade Wall |
| 8:38 | Build | Palisade Wall |
| 8:39 | Build | Palisade Wall |
| 8:39 | Build | Palisade Wall |
| 8:48 | Create | Villager (Male) |
| 9:08 | Build | Farm |
| 9:11 | Build | Farm |
| 9:13 | Research | Loom |
| 9:40 | Build | Palisade Wall |
| 9:42 | Build | Palisade Wall |
| 9:42 | Build | Palisade Wall |
| 9:53 | Build | House |
| 10:02 | Create | Villager (Male) |
| 10:05 | Create | Villager (Male) |
| 10:07 | Build | House |
| 10:08 | Build | House |
| 10:30 | Create | Villager (Male) |
| 10:34 | Build | Farm |
| 10:36 | Build | Farm |
| 10:55 | Create | Villager (Male) |
| 11:02 | Build | House |
| 11:04 | Create | Villager (Male) |
| 11:08 | Build | Palisade Wall |
| 11:10 | Build | Palisade Wall |
| 11:40 | Research | Feudal Age |
| 12:12 | Build | Mining Camp |
| 12:28 | Build | House |
| 12:47 | Build | Palisade Wall |
| 12:56 | Build | House |
| 12:58 | Build | House |
| 13:02 | Build | Palisade Wall |
| 13:07 | Build | Palisade Wall |
| 13:09 | Build | Palisade Wall |
| 13:29 | Build | House |
| 13:50 | Create | Villager (Male) |
| 13:52 | Age | Feudal Age |
| 14:07 | Research | Double-Bit Axe |
| 14:08 | Create | Villager (Male) |
| 14:22 | Create | Villager (Male) |
| 14:45 | Build | Market |
| 14:49 | Create | Villager (Male) |
| 14:54 | Build | Palisade Wall |
| 15:08 | Build | Lumber Camp |
| 15:12 | Research | Town Watch |
| 15:17 | Build | Palisade Wall |
| 15:21 | Build | House |
| 15:26 | Create | Villager (Male) |
| 15:31 | Build | Palisade Wall |
| 15:33 | Build | Palisade Wall |
| 15:38 | Build | Palisade Wall |
| 15:43 | Build | Palisade Wall |
| 15:58 | Build | Blacksmith |
| 16:04 | Create | Villager (Male) |
| 16:16 | Build | House |
| 16:19 | Build | Farm |
| 16:22 | Create | Villager (Male) |
| 16:38 | Build | Farm |
| 16:46 | Research | Castle Age |
| 16:52 | Build | Farm |
| 17:29 | Create | Villager (Male) |
| 17:43 | Create | Villager (Male) |
| 17:47 | Build | Archery Range |
| 17:49 | Build | Archery Range |
| 18:05 | Build | House |
| 18:13 | Build | Archery Range |
| 18:18 | Research | Fletching |
| 18:46 | Research | Gold Mining |
| 18:54 | Build | Farm |
| 18:55 | Build | Farm |
| 18:57 | Build | Palisade Wall |
| 19:09 | Build | Palisade Gate |
| 19:18 | Build | Farm |
| 19:40 | Age | Castle Age |
| 19:42 | Create | Cavalry Archer |
| 19:42 | Create | Cavalry Archer |
| 19:43 | Create | Cavalry Archer |
| 19:51 | Research | Bodkin Arrow |
| 19:52 | Create | Cavalry Archer |
| 19:52 | Create | Cavalry Archer |
| 20:00 | Create | Cavalry Archer |
| 20:17 | Create | Cavalry Archer |
| 20:17 | Create | Cavalry Archer |
| 20:21 | Build | Archery Range |
| 20:35 | Create | Cavalry Archer |
| 20:38 | Create | Cavalry Archer |
| 20:38 | Create | Cavalry Archer |
| 20:44 | Create | Villager (Male) |
| 20:51 | Create | Cavalry Archer |
| 20:55 | Create | Villager (Male) |
| 20:57 | Build | Stable |
| 21:07 | Create | Cavalry Archer |
| 21:08 | Create | Cavalry Archer |
| 21:10 | Create | Villager (Male) |
| 21:24 | Create | Cavalry Archer |
Match timeline
| 2:26 | RedPhosphoru · first_building Barracks |
| 2:34 | RedPhosphoru · wall_segment Palisade Wall x1 |
| 2:35 | RedPhosphoru · wall_segment Palisade Wall x1 |
| 5:08 | RedPhosphoru · wall_segment Palisade Wall x1 |
| 5:11 | RedPhosphoru · wall_segment Palisade Wall x1 |
| 5:12 | RedPhosphoru · wall_segment Palisade Wall x1 |
| 5:13 | RedPhosphoru · wall_segment Palisade Wall x1 |
| 5:27 | RedPhosphoru · wall_segment Palisade Wall x1 |
| 5:27 | RedPhosphoru · wall_segment Palisade Wall x1 |
| 5:29 | RedPhosphoru · wall_segment Palisade Wall x1 |
| 6:00 | RedPhosphoru · wall_segment Palisade Wall x1 |
| 6:01 | RedPhosphoru · wall_segment Palisade Wall x1 |
| 6:02 | RedPhosphoru · wall_segment Palisade Wall x1 |
| 6:03 | RedPhosphoru · wall_segment Palisade Wall x1 |
| 6:34 | Survivalist · wall_segment Palisade Wall x1 |
| 7:24 | RedPhosphoru · wall_segment Palisade Wall x1 |
| 7:26 | RedPhosphoru · wall_segment Palisade Wall x1 |
| 7:39 | Survivalist · wall_segment Palisade Wall x1 |
| 7:40 | Survivalist · wall_segment Palisade Wall x1 |
| 7:42 | RedPhosphoru · wall_segment Palisade Wall x1 |
| 7:50 | Survivalist · wall_segment Palisade Wall x1 |
| 7:53 | Survivalist · wall_segment Palisade Wall x1 |
| 8:37 | RedPhosphoru · wall_segment Palisade Wall x1 |
| 8:38 | RedPhosphoru · wall_segment Palisade Wall x2 |
| 8:39 | RedPhosphoru · wall_segment Palisade Wall x1 |
| 8:39 | RedPhosphoru · wall_segment Palisade Wall x1 |
| 9:40 | RedPhosphoru · wall_segment Palisade Wall x1 |
| 9:41 | Survivalist · first_building Barracks |
| 9:42 | RedPhosphoru · wall_segment Palisade Wall x1 |
| 9:42 | RedPhosphoru · wall_segment Palisade Wall x1 |
| 11:08 | RedPhosphoru · wall_segment Palisade Wall x1 |
| 11:10 | RedPhosphoru · wall_segment Palisade Wall x1 |
| 11:25 | Survivalist · wall_segment Palisade Wall x1 |
| 11:26 | Survivalist · wall_segment Palisade Wall x1 |
| 11:27 | Survivalist · wall_segment Palisade Wall x1 |
| 11:49 | Survivalist · wall_segment Palisade Wall x1 |
| 11:50 | Survivalist · wall_segment Palisade Wall x1 |
| 11:50 | Survivalist · wall_segment Palisade Wall x1 |
| 11:56 | Survivalist · wall_segment Palisade Wall x1 |
| 12:04 | Survivalist · wall_segment Palisade Wall x1 |
| 12:05 | Survivalist · wall_segment Palisade Wall x1 |
| 12:05 | Survivalist · wall_segment Palisade Wall x1 |
| 12:37 | Survivalist · age_up feudal |
| 12:39 | Survivalist · first_building Archery Range |
| 12:47 | RedPhosphoru · wall_segment Palisade Wall x9 |
| 13:02 | RedPhosphoru · wall_segment Palisade Wall x1 |
| 13:07 | RedPhosphoru · wall_segment Palisade Wall x1 |
| 13:09 | RedPhosphoru · wall_segment Palisade Wall x1 |
| 13:52 | RedPhosphoru · age_up feudal |
| 14:19 | Survivalist · wall_segment Palisade Wall x1 |
| 14:20 | Survivalist · wall_segment Palisade Wall x1 |
| 14:30 | Survivalist · wall_segment Palisade Wall x1 |
| 14:32 | Survivalist · wall_segment Palisade Wall x1 |
| 14:34 | Survivalist · wall_segment Palisade Wall x1 |
| 14:39 | Survivalist · wall_segment Palisade Wall x1 |
| 14:54 | RedPhosphoru · wall_segment Palisade Wall x17 |
| 15:17 | RedPhosphoru · wall_segment Palisade Wall x5 |
| 15:29 | Survivalist · wall_segment Palisade Wall x1 |
| 15:29 | Survivalist · wall_segment Palisade Wall x1 |
| 15:30 | Survivalist · wall_segment Palisade Wall x1 |
| 15:30 | Survivalist · wall_segment Palisade Wall x1 |
| 15:31 | RedPhosphoru · wall_segment Palisade Wall x1 |
| 15:31 | Survivalist · wall_segment Palisade Wall x1 |
| 15:33 | RedPhosphoru · wall_segment Palisade Wall x9 |
| 15:38 | RedPhosphoru · wall_segment Palisade Wall x10 |
| 15:43 | RedPhosphoru · wall_segment Palisade Wall x6 |
| 15:53 | Survivalist · first_market_buy 100 food |
| 15:54 | RedPhosphoru · first_market_buy 100 wood |
| 16:45 | RedPhosphoru · first_market_sell 100 stone |
| 17:47 | RedPhosphoru · first_building Archery Range |
| 18:57 | RedPhosphoru · wall_segment Palisade Wall x1 |
| 19:40 | RedPhosphoru · age_up castle |
| 20:22 | Survivalist · first_market_sell 100 stone |
| 20:57 | RedPhosphoru · first_building Stable |
| 21:07 | Survivalist · wall_segment Stone Wall x1 |
| 21:29 | Survivalist · wall_segment Palisade Wall x10 |
| 23:05 | Survivalist · age_up castle |
| 23:18 | RedPhosphoru · first_building Siege Workshop |
| 26:34 | Survivalist · first_building Monastery |
| 26:50 | Survivalist · first_building Castle |
| 27:31 | RedPhosphoru · wall_segment Palisade Wall x1 |
| 30:07 | Survivalist · wall_segment Stone Wall x1 |
| 37:38 | Survivalist · resign |
[ AI ANALYSIS · 1 CREDIT ]
What really happened in this match?
Wolo.gg analyzes every decision: build order, eco, micro, common mistakes by bracket. Personalized analysis on WhatsApp or Discord in 30 seconds.
Civ guide
Bohemians
Perfil
Jugador #247224